 Dungeon Crawl Stone Soup version 0.28.0 (webtiles) character file.

Game seed: 15969008240804038318

201 freelancePsychic the Conjurer (level 5, -3/28 HPs)
             Began as a Tengu Earth Elementalist on Feb 9, 2022.
             Slain by an iguana (14 damage)
             ... on level 3 of the Dungeon.
             The game lasted 00:03:26 (2957 turns).

freelancePsychic the Conjurer (TeEE)                Turns: 2957, Time: 00:03:27

Health: -3/28      AC:  2    Str:  6 (8)  XL:     5   Next: 79%
Magic:  6/11       EV: 14    Int: 14 (17) God:
Gold:   201        SH:  0    Dex: 13 (15) Spells: 6/10 levels left

rFire   . . .      SeeInvis .   d - +0 dagger
rCold   . . .      Faith    .   (no shield)
rNeg    . . .      Spirit   .   b - +0 robe
rPois   .          Reflect  .   (helmet restricted)
rElec   .          Harm     .   (no cloak)
rCorr   .          Rampage  .   (no gloves)
Will    .....                   (boots unavailable)
Stlth   ++........              (no amulet)
HPRegen 0.09/turn               (no ring)
MPRegen 0.12/turn               (no ring)

@: flying quickly and evasively, quick
A: beak, talons 3, nimble flight
a: no special abilities


You were on level 3 of the Dungeon.
You visited 1 branch of the dungeon, and saw 3 of its levels.

You collected 201 gold pieces.

Inventory:

Hand Weapons
 d - a +0 dagger (weapon)
Missiles
 c - 42 stones
Armour
 b - a +0 robe (worn)
Jewellery
 k - an amulet of the acrobat
 m - a +6 ring of strength
Scrolls
 a - 2 scrolls of teleportation {unknown}
 g - a scroll of amnesia {unknown}
 j - a scroll of noise {unknown}
 n - 2 scrolls of identify {unknown}
 o - a scroll of magic mapping {unknown}
Potions
 f - a potion of degeneration
 i - a potion of brilliance {unknown}
 l - a potion of curing {unknown}


   Skills:
 - Level 2.1 Dodging
 - Level 2.0 Stealth
 + Level 3.4 Spellcasting
 * Level 5.7 Conjurations
 - Level 0.7 Transmutations
 - Level 2.1 Earth Magic


You had 6 spell levels left.
You knew the following spells:

 Your Spells              Type           Power      Damage    Failure   Level
a - Sandblast             Erth           16%        2d6       9%          1
b - Stone Arrow           Conj/Erth      26%        3d8       12%         3

Your spell library contained the following spells:

 Spells                   Type           Power      Damage    Failure   Level
 Passwall                 Tmut/Erth      5%         N/A       17%         2
 Petrify                  Tmut/Erth      6%         N/A       75%         4
 Lightning Bolt           Conj/Air       5%         1d17      87%         5
 Airstrike                Air            1%         N/A       90%         4
 Summon Lightning Spire   Summ/Air       2%         N/A       90%         4


Dungeon Overview and Level Annotations

Branches:
Dungeon (3/15)

Altars:

Shops:
D:1 !


Innate Abilities, Weirdness & Mutations

You have a beak for a mouth.
You have claws for feet.
Your magical nature lets you fly swiftly and evasively.


Message History

Press: ? - help, Shift-Dir - straight line, f/p - iguana
Aim: an iguana (heavily wounded, 81% to hit)
The blast of sand hits the iguana but does no damage.
The iguana is heavily wounded.
The iguana bites you!
Casting: Sandblast (safe; 9% risk of failure)
Confirm with . or Enter, or press ? or * to list all spells.
Aiming: Sandblast (safe; 9% risk of failure)
Press: ? - help, Shift-Dir - straight line, f/p - iguana
Aim: an iguana (heavily wounded, 81% to hit)
The blast of sand hits the iguana but does no damage.
The iguana is heavily wounded.
The iguana barely misses you.
You see here a +0 short sword.
Casting: Sandblast (safe; 9% risk of failure)
Confirm with . or Enter, or press ? or * to list all spells.
Aiming: Sandblast (safe; 9% risk of failure)
Press: ? - help, Shift-Dir - straight line, f/p - iguana
Aim: an iguana (heavily wounded, 81% to hit)
The blast of sand hits the iguana.
The iguana is heavily wounded.
The iguana barely misses you.
Casting: Sandblast (safe; 9% risk of failure)
Confirm with . or Enter, or press ? or * to list all spells.
Aiming: Sandblast (safe; 9% risk of failure)
Press: ? - help, Shift-Dir - straight line, f/p - iguana
Aim: an iguana (heavily wounded, 81% to hit)
The blast of sand hits the iguana.
The iguana is severely wounded.
The iguana barely misses you.
Casting: Sandblast (safe; 9% risk of failure)
Confirm with . or Enter, or press ? or * to list all spells.
Aiming: Sandblast (safe; 9% risk of failure)
Press: ? - help, Shift-Dir - straight line, f/p - iguana
Aim: an iguana (severely wounded, 81% to hit)
The blast of sand hits the iguana but does no damage.
The iguana is severely wounded.
The iguana bites you!
Ouch! That really hurt!
You die...

# #..##.##.# ###### #
##<##.#<.#
########..#.#..#
............#..#
#########..##..#
##.##..#
#####.##..##############
#......#.......?......$.
#####.###......@l)....#
#.....####..#.#######.#
#.###.........# .# #.#
###.###...# .# #.#####.#
##..# .. #..†.†..# #..#
## ######### #..# ##.#
#.#


You could see an iguana.

Vanquished Creatures
  An orc priest (D:3)
  A jelly (D:3)
  2 orc wizards (D:3)
  4 adders
  3 dart slugs
  2 orcs (D:3)
  3 bats
  8 endoplasms
  A giant cockroach (D:1)
  2 goblins (D:3)
  5 hobgoblins
  2 quokkas
  3 ball pythons
  A frilled lizard (D:2)
  6 kobolds
  5 rats
49 creatures vanquished.

Notes
Turn   | Place    | Note
-------+----------+-------------------------------------------
     0 | D:1      | freelancePsychic the Tengu Earth Elementalist began the
                  | quest for the Orb.
     0 | D:1      | Reached XP level 1. HP: 10/10 MP: 4/4
   254 | D:1      | Reached skill level 1 in Conjurations
   334 | D:1      | Found Fick's Distillery.
   417 | D:1      | Reached XP level 2. HP: 15/15 MP: 6/6
   466 | D:1      | Reached skill level 2 in Conjurations
  1166 | D:2      | Reached XP level 3. HP: 19/19 MP: 4/7
  1174 | D:2      | Learned a level 3 spell: Stone Arrow
  1377 | D:2      | Reached skill level 3 in Conjurations
  1845 | D:2      | Found a faded altar of an unknown god.
  2329 | D:3      | Reached XP level 4. HP: 24/24 MP: 4/9
  2427 | D:3      | Reached skill level 4 in Conjurations
  2692 | D:3      | Reached skill level 5 in Conjurations
  2692 | D:3      | Gained mutation: Your magical nature lets you fly swiftly
                  | and evasively. [Tengu growth]
  2692 | D:3      | Reached XP level 5. HP: 28/28 MP: 5/10
  2957 | D:3      | Slain by an iguana

Illustrated notes

Levels and vault maps discovered:
D:1:      scummos_arrival_simple_crosswalls, layout_basic, serial_shops, shop,
          chequers_serial_rivers_marsh
D:2:      layout_basic, shapermc_ecumenical_altar_venn, uniq_crazy_yiuf_cottage
D:3:      layout_basic, serial_shops, shop

Skill      XL: |  1  2  3  4 |
---------------+-------------+-----
Conjurations   | 1 2 3 5 |  5.7
Spellcasting   | 3 |  3.4
Dodging        | |  2.1
Stealth        | |  2.0
Transmutations | |  0.7
Earth Magic    | |  2.1

Action                   |  1- 3 |  4- 6 || total
-------------------------+-------+-------++-------
Melee: Unarmed           |     6 |       ||     6
       Dagger            |    54 |    26 ||    80
       Kick              |    18 |    10 ||    28
       Peck              |    12 |     6 ||    18
       Punch             |     2 |       ||     2
 Cast: Sandblast         |    28 |    32 ||    60
  Use: Potion            |       |     3 ||     3
 Stab: Sleeping          |     3 |       ||     3
Armor: Robe              |     7 |     5 ||    12
Dodge: Dodged            |    42 |    26 ||    68
